AoeStats
← 阿裁

African Clearing

511197112Analyzed
4v4 RM · 13d ago on Oct 4, 2026· 43m 13s· 8 players
Game mode
Random Map
Map size
Large (8 player)
Population
200
Speed
Normal
Resources
Standard
Victory
Conquest
Starting age
Dark Age
Ending age
Imperial Age
RankedLock teamsTeams togetherTeam positionsShared explorationLock speedFull tech treeHidden civsTurbo modeCheats
Victory
Defeat
🇨🇦 Byzantines · Canada
1128
+12
🇨🇳 Mapuche · China
1104
+13
🇨🇳 Teutons · China
1104
+13
🇷🇺 Mongols · Russia
1021
+16
vs
🇹🇼 Danes · Taiwan
1099
-16
🇹🇼 Vietnamese · Taiwan
1028
-13
🇨🇳 Magyars · China
1021
-35
🇹🇼 Britons · Taiwan
997
-12
阿裁
14:49 Feudal Age
14:36 Loom
15:15 Double-Bit Axe
21:32 Castle Age
19:58 Stone Mining
20:23 Horse Collar
20:40 Fletching
21:28 Padded Archer Armor
23:06 Wheelbarrow
32:03 Hand Cart
36:56 Gold Mining
37:40 Bow Saw
kongdu
12:07 Loom
14:07 Feudal Age
19:01 Castle Age
16:54 Double-Bit Axe
18:57 Wheelbarrow
23:58 Gold Mining
23:51 Horse Collar
25:08 Squires
26:23 Gambesons
26:39 Stone Mining
30:39 Fletching
30:50 Scale Mail Armor
31:01 Forging
30:53 Arson
32:13 Bodkin Arrow
35:06 Iron Casting
34:49 Chain Mail Armor
36:36 Arson
39:51 Imperial Age
38:56 Bow Saw
38:49 Heavy Plow
39:57 Gold Shaft Mining
39:58 Stone Shaft Mining
41:15 Conscription
40:57 Pikeman
41:36 Elite Jomsviking
s316aac
3:34 Loom
14:46 Feudal Age
15:12 Double-Bit Axe
16:54 Fletching
21:53 Wheelbarrow
21:04 Town Watch
25:23 Castle Age
27:19 Hand Cart
27:43 Bodkin Arrow
31:20 Town Patrol
32:45 Ballistics
32:40 Horse Collar
35:26 Treadmill Crane
36:20 Bow Saw
37:11 Padded Archer Armor
38:14 Leather Archer Armor
39:43 Heavy Plow
40:56 Yeomen
41:14 Murder Holes
41:11 Guard Tower
45:39 Imperial Age
3932332020
12:08 Feudal Age
11:31 Loom
14:23 Double-Bit Axe
17:40 Fletching
23:10 Horse Collar
27:25 Castle Age
26:11 Padded Archer Armor
26:03 Gold Mining
28:09 Bodkin Arrow
28:50 Bow Saw
30:01 Ballistics
29:53 Husbandry
32:29 Wheelbarrow
31:57 Heavy Plow
33:08 Leather Archer Armor
35:00 Gold Shaft Mining
34:15 Stone Mining
GrandMasterTitties
10:44 Loom
12:54 Feudal Age
14:20 Horse Collar
14:26 Double-Bit Axe
19:21 Scale Barding Armor
19:51 Forging
23:16 Castle Age
23:21 Fletching
23:32 Light Cavalry
24:03 Crossbowman
24:49 Thumb Ring
26:20 Wheelbarrow
29:13 Bodkin Arrow
29:18 Padded Archer Armor
31:47 Leather Archer Armor
31:31 Gold Mining
34:22 Hand Cart
39:06 Imperial Age
40:11 Ballistics
40:43 Bow Saw
39:58 Arbalester
40:40 Bracer
41:42 Chemistry
41:27 Ring Archer Armor
十七嵗的單車
12:33 Loom
14:24 Feudal Age
18:51 Castle Age
16:54 Scale Mail Armor
17:18 Double-Bit Axe
18:04 Gold Mining
18:58 Champi Runner
20:46 Stone Mining
21:14 Champi Warrior
22:56 Arson
25:50 Horse Collar
34:47 Imperial Age
34:54 Padded Archer Armor
34:45 Fletching
35:57 Heavy Plow
36:08 Bow Saw
36:14 Bow Saw
36:44 Malon
37:46 Bodkin Arrow
40:18 Conscription
41:07 Wheelbarrow
42:11 Leather Archer Armor
43:07 Crop Rotation
43:13 Gold Shaft Mining
43:18 Stone Shaft Mining
Ray
3:02 Loom
14:58 Feudal Age
16:51 Wheelbarrow
16:01 Town Watch
17:59 Bloodlines
20:00 Gold Mining
22:39 Castle Age
31:02 Horse Collar
35:20 Hand Cart
36:02 Heavy Plow
37:12 Husbandry
36:34 Light Cavalry
37:08 Fletching
37:18 Padded Archer Armor
39:45 Bodkin Arrow
40:35 Gold Mining
relax
10:56 Loom
13:52 Feudal Age
19:14 Castle Age
18:04 Fletching
28:11 Double-Bit Axe
32:14 Wheelbarrow
32:18 Padded Archer Armor
33:17 Elite Skirmisher
34:18 Bodkin Arrow
36:55 Stone Mining
38:45 Bloodlines
38:29 Town Watch
40:46 Leather Archer Armor
41:16 Horse Collar
41:51 Bow Saw
43:47 Ballistics
Connection lost

Rejoining the realm…

Still unreachable

The connection could not be restored.

Session expired

The server has moved on; the page needs a fresh start.